[Event "Titled Tuesday Blitz February 07 Late 2023"]
[White "Oganian, Miran"]
[Black "Haydon, David L"]
[WhiteFideId "4122488"]
[BlackFideId "415405"]
[WhiteElo "2439"]
[BlackElo "2253"]
[Result "1-0"]
[Round "06"]
[TimeControl "180+2"]
[Date "2023.02.07"]
[WhiteClock "0:01:46"]
[BlackClock "0:00:15"]

1. e4 d5 2. exd5 Qxd5 3. d4 Qd8 4. Nf3 Nf6 5. h3 g6 6. Be2 Bg7 7. O-O O-O 8. c4 b6 9. Nc3 Bb7 10. Be3 Nbd7 11. Qc2 e6 12. Rad1 Qe7 13. Rfe1 Rfd8 14. Bf4 Nb8 15. Ne5 Na6 16. Bf3 Bxf3 17. Nxf3 Qb4 18. Ne5 Rdc8 19. b3 c6 20. Re3 Nh5 21. Bh2 Qe7 22. Rde1 Qd8 23. Nf3 Nb4 24. Qe2 Nf6 25. a3 Na6 26. b4 Nc7 27. Be5 a5 28. Ng5 axb4 29. axb4 Nd7 30. Bxg7 Kxg7 31. Nge4 Nf6 32. Rf3 Nxe4 33. Nxe4 Qxd4 34. Ng5 Rf8 35. Rd1 Ra1 36. Rxa1 Qxa1+ 37. Kh2 Qd4 38. Ne4 Qe5+ 39. Ng3 Qxe2 40. Nxe2 f5 41. Nd4 Kf6 42. Nxc6 e5 43. Rd3 e4 44. Rd6+ Ne6 45. Nd4 Re8 46. Rxb6 Ke5 47. Rxe6+ Rxe6 48. Nxe6 f4 49. Nxf4 Kxf4 50. b5 e3 51. fxe3+ Kxe3 52. b6 Kf2 53. b7 g5 54. b8=Q g4 55. Qf4+ 1-0


[Site "https://www.chess.com"]

[Event "Titled Tuesday Blitz February 07 Late 2023"]
[White "Nasuta, Grzegorz"]
[Black "Brilej, Jaka"]
[WhiteFideId "1141686"]
[BlackFideId "14618818"]
[WhiteElo "2552"]
[BlackElo "2321"]
[Result "1-0"]
[Round "06"]
[TimeControl "180+2"]
[Date "2023.02.07"]
[WhiteClock "0:00:43"]
[BlackClock "0:00:14"]

1. e4 d6 2. d4 Nf6 3. Nc3 g6 4. Nf3 Bg7 5. Be3 c6 6. Qd2 Ng4 7. Bg5 h6 8. Bh4 b5 9. h3 Nf6 10. Bd3 b4 11. Ne2 a5 12. O-O-O Ba6 13. e5 Nd5 14. e6 f5 15. g4 Bxd3 16. Qxd3 O-O 17. gxf5 Rxf5 18. Rhg1 Qe8 19. Rg3 Qf8 20. Rdg1 g5 21. Bxg5 hxg5 22. Nxg5 b3 23. a3 Bh6 24. Kb1 bxc2+ 25. Kxc2 Na6 26. Nf7+ Kh7 27. Qxf5# 1-0


[Site "https://www.chess.com"]

[Event "Titled Tuesday Blitz February 07 Late 2023"]
[White "Dzida, Kamil"]
[Black "Makridis, Dimitrios"]
[WhiteFideId "21828652"]
[BlackFideId "25864475"]
[WhiteElo "2352"]
[BlackElo "2356"]
[Result "0-1"]
[Round "06"]
[TimeControl "180+2"]
[Date "2023.02.07"]
[WhiteClock "0:01:26"]
[BlackClock "0:02:23"]

1. e4 g6 2. d4 Bg7 3. Nf3 d6 4. Be2 a6 5. a4 Nd7 6. O-O e5 7. dxe5 Nxe5 8. Nxe5 Bxe5 9. Nd2 Ne7 10. c3 O-O 11. Nf3 Bg7 12. Bg5 h6 13. Bh4 g5 14. Bg3 f5 15. exf5 Nxf5 16. Bc4+ Kh8 17. Qd3 c6 18. Rae1 d5 19. Bb3 0-1


[Site "https://www.chess.com"]

[Event "Titled Tuesday Blitz February 07 Late 2023"]
[White "Kaplan, Avi Harrison"]
[Black "Sanal, Vahap"]
[WhiteFideId "30934559"]
[BlackFideId "6300545"]
[WhiteElo "2146"]
[BlackElo "2600"]
[Result "0-1"]
[Round "06"]
[TimeControl "180+2"]
[Date "2023.02.07"]
[WhiteClock "0:00:28"]
[BlackClock "0:01:55"]

1. g3 d5 2. Bg2 c6 3. b4 e5 4. Bb2 Bxb4 5. Bxe5 Nf6 6. c3 Bd6 7. Bxd6 Qxd6 8. Nf3 O-O 9. O-O Re8 10. d4 Ne4 11. Qc2 Bf5 12. Nh4 Bd7 13. Nd2 Nxd2 14. Qxd2 Na6 15. Rab1 b5 16. a4 Nc7 17. Qa2 bxa4 18. Qxa4 Rxe2 19. Rb7 Nb5 20. c4 dxc4 21. Qxc4 Nxd4 22. Rd1 Be6 23. Qxd4 Re1+ 24. Bf1 Rxd1 25. Qa4 Bh3 26. Ng2 Qd3 27. Qxd1 Qxd1 28. f4 Qd4+ 29. Kh1 Qf2 30. Rb1 Re8 31. f5 Bxg2+ 32. Bxg2 Re1+ 33. Bf1 Qxf1# 0-1


[Site "https://www.chess.com"]

[Event "Titled Tuesday Blitz February 07 Late 2023"]
[White "Zierk, Steven"]
[Black "Golubev, Mikhail"]
[WhiteFideId "2034255"]
[BlackFideId "14100983"]
[WhiteElo "2488"]
[BlackElo "2461"]
[Result "1/2-1/2"]
[Round "06"]
[TimeControl "180+2"]
[Date "2023.02.07"]
[WhiteClock "0:00:45"]
[BlackClock "0:00:04"]

1. e4 c5 2. Nf3 d6 3. d4 cxd4 4. Nxd4 Nf6 5. Nc3 g6 6. Be3 Bg7 7. f3 Nc6 8. Qd2 O-O 9. O-O-O d5 10. Qe1 e5 11. Nxc6 bxc6 12. exd5 Nxd5 13. Bc4 Be6 14. Bc5 Qg5+ 15. Kb1 Nxc3+ 16. Qxc3 e4 17. Bd4 Bxd4 18. Qxd4 Bxc4 19. Qxc4 exf3 20. gxf3 Qf6 21. h4 h5 22. Rdg1 Rfb8 23. b3 a5 24. Rg5 Rb4 25. Qc5 Rb5 26. Qe3 Rxg5 27. hxg5 Qe6 28. Qc3 a4 29. Re1 Qd5 30. b4 a3 31. f4 Rb8 32. Qxa3 c5 33. b5 Qd2 34. Re3 Rxb5+ 35. Rb3 Rxb3+ 36. axb3 Qd1+ 37. Kb2 Qd4+ 38. Kb1 h4 39. Qa8+ Kg7 40. Qf3 Qg1+ 41. Kb2 Qg3 42. Qe4 h3 43. Qe5+ Kg8 44. Qe8+ Kg7 45. Qe5+ Kg8 46. Qe8+ Kg7 47. Qe5+ 1/2-1/2


[Site "https://www.chess.com"]

[Event "Titled Tuesday Blitz February 07 Late 2023"]
[White "Aggelis, Nikolaos"]
[Black "Indjic, Aleksandar"]
[WhiteFideId "4213220"]
[BlackFideId "911925"]
[WhiteElo "2270"]
[BlackElo "2618"]
[Result "0-1"]
[Round "06"]
[TimeControl "180+2"]
[Date "2023.02.07"]
[WhiteClock "0:00:51"]
[BlackClock "0:01:46"]

1. d4 Nf6 2. g3 d5 3. Bg2 c5 4. Nf3 cxd4 5. O-O h6 6. b3 Nbd7 7. Qxd4 e6 8. Bb2 Bc5 9. Qd2 O-O 10. c4 dxc4 11. bxc4 Qc7 12. Nc3 a6 13. Rac1 b6 14. Na4 Be7 15. Ne5 Bb7 16. Nxd7 Nxd7 17. Bxb7 Qxb7 18. Rfd1 Rfd8 19. Qf4 Qc6 20. Nc3 Nf6 21. Rxd8+ Rxd8 22. Qf3 Qxc4 23. Qb7 Bc5 24. Na4 Qxa4 0-1


[Site "https://www.chess.com"]

[Event "Titled Tuesday Blitz February 07 Late 2023"]
[White "Kozak, Adam"]
[Black "Kavutskiy, Konstantin"]
[WhiteFideId "753246"]
[BlackFideId "2026384"]
[WhiteElo "2572"]
[BlackElo "2414"]
[Result "1-0"]
[Round "06"]
[TimeControl "180+2"]
[Date "2023.02.07"]
[WhiteClock "0:01:52"]
[BlackClock "0:00:04"]

1. c4 g6 2. h4 Nf6 3. Nc3 d6 4. d4 Bg7 5. e4 Nc6 6. Be2 h5 7. d5 Ne5 8. Nf3 Nxf3+ 9. gxf3 c6 10. Be3 Bd7 11. Qd2 Qa5 12. O-O-O cxd5 13. cxd5 b5 14. Nxb5 Qxa2 15. Nc7+ Kf8 16. Nxa8 Nxe4 17. Qb4 Kg8 18. Bc4 Bxb2+ 19. Kc2 Ba4+ 20. Kd3 Nc5+ 21. Bxc5 dxc5 22. Qb8+ Kh7 23. Qxh8+ 1-0


[Site "https://www.chess.com"]

[Event "Titled Tuesday Blitz February 07 Late 2023"]
[White "Fisher_TheGalactic"]
[Black "Jones, Gawain C B"]
[BlackFideId "409561"]
[WhiteElo "2561"]
[BlackElo "2618"]
[Result "0-1"]
[Round "06"]
[TimeControl "180+2"]
[Date "2023.02.07"]
[WhiteClock "0:00:02"]
[BlackClock "0:01:33"]

1. Nf3 d5 2. g3 Nc6 3. Bg2 e5 4. d3 Nf6 5. O-O h6 6. Nbd2 Be6 7. e4 dxe4 8. dxe4 Bc5 9. c3 a5 10. Qe2 O-O 11. Rd1 Qe7 12. Nh4 Ng4 13. Rf1 g6 14. Nc4 Rad8 15. Ne3 Nxe3 16. Bxe3 Bxe3 17. Qxe3 Qg5 18. Qc5 Qd2 19. Nf3 Qd6 20. Qb5 f6 21. Nh4 Kg7 22. f4 Bf7 23. h3 b6 24. Kh2 Qc5 25. Qxc5 bxc5 26. Rfd1 Rxd1 27. Rxd1 Bxa2 28. Rd7+ Rf7 29. Rd2 a4 30. f5 g5 31. Ng6 Ne7 32. Nxe7 Rxe7 33. Bf1 Bb1 34. Bg2 c4 35. Rd5 c6 36. Rc5 Rb7 37. Rxc4 Bc2 38. Rxc6 Rxb2 39. Rc7+ Kf8 40. Kg1 a3 0-1


[Site "https://www.chess.com"]

[Event "Titled Tuesday Blitz February 07 Late 2023"]
[White "Kleiman, Jake"]
[Black "Harvey, Marcus R"]
[WhiteFideId "2020041"]
[BlackFideId "400092"]
[WhiteElo "2399"]
[BlackElo "2462"]
[Result "0-1"]
[Round "06"]
[TimeControl "180+2"]
[Date "2023.02.07"]
[WhiteClock "0:00:01"]
[BlackClock "0:00:04"]

1. e4 c5 2. c3 Nf6 3. e5 Nd5 4. Bc4 Nb6 5. Bb3 d6 6. exd6 Qxd6 7. Nf3 c4 8. Bc2 Qe6+ 9. Kf1 Nc6 10. h4 g6 11. h5 Bg7 12. hxg6 hxg6 13. Rxh8+ Bxh8 14. Na3 Qd5 15. Qe2 Bf5 16. Bxf5 gxf5 17. Rb1 Qe4 18. b3 cxb3 19. axb3 O-O-O 20. d4 Nd5 21. Bd2 Rg8 22. Qxe4 fxe4 23. Ne1 f5 24. Nec2 Bf6 25. c4 Nc7 26. Bc3 Ne6 27. Rd1 Rh8 28. g3 Rh1+ 29. Ke2 Rxd1 30. Kxd1 Nexd4 31. Nxd4 Bxd4 32. Be1 Bc5 33. Nc2 a5 34. Ke2 b6 35. Bc3 Kd7 36. f3 exf3+ 37. Kxf3 e5 38. g4 Ke6 39. gxf5+ Kxf5 40. Bb2 e4+ 41. Ke2 Nd8 42. Nd4+ Kf4 43. Bc1+ Ke5 44. Nc2 Ne6 45. Bb2+ Kf5 46. Bc3 Nf4+ 47. Kd2 Ng2 48. Ke2 Kf4 49. Nd4 e3 50. Ne6+ Ke4 51. Nxc5+ bxc5 52. Bxa5 Nf4+ 53. Kd1 Kd3 54. Be1 e2+ 55. Kc1 Ng2 56. Ba5 Ne3 57. Bd2 Nc2 58. Ba5 Nd4 59. Kb2 Nc6 60. Be1 Nb4 0-1


[Site "https://www.chess.com"]

[Event "Titled Tuesday Blitz February 07 Late 2023"]
[White "Ozen, Bahadir"]
[Black "Dobrikov, Marco"]
[WhiteFideId "6337058"]
[BlackFideId "12950378"]
[WhiteElo "2369"]
[BlackElo "2269"]
[Result "1-0"]
[Round "06"]
[TimeControl "180+2"]
[Date "2023.02.07"]
[WhiteClock "0:00:04"]
[BlackClock "0:00:09"]

1. g3 d5 2. Nf3 c5 3. Bg2 Nc6 4. d4 cxd4 5. Nxd4 e5 6. Nxc6 bxc6 7. c4 Nf6 8. O-O Be6 9. Bg5 Be7 10. cxd5 cxd5 11. Qa4+ Kf8 12. Nc3 Rb8 13. Bxf6 gxf6 14. Nxd5 Rxb2 15. Rad1 Bxd5 16. Bxd5 Qb6 17. e3 f5 18. Qd7 Qf6 19. Rc1 Kg7 20. Rc7 Rd8 21. Qxe7 Qxe7 22. Rxe7 Rxd5 23. Rxa7 Rdd2 24. a4 Ra2 25. a5 f4 26. exf4 exf4 27. gxf4 Kg6 28. Kg2 h5 29. h4 f6 30. Ra8 Kf5 31. Rh8 Kg4 32. f5 Rxa5 33. Rb1 Raa2 34. Rf1 Rac2 35. Rh7 Rc3 36. Rg1 Rg3+ 37. Kh1 Rxg1+ 38. Kxg1 Kxh4 39. Rh6 Kg5 40. Rg6+ Kxf5 41. Rg8 Rd3 42. Kg2 h4 43. Rh8 Kg4 44. Rg8+ Kf5 45. Rh8 Rd4 46. Kh3 Rf4 47. Kg2 Ke4 48. Re8+ Kf5 49. Rh8 Rg4+ 50. Kh3 Kf4 51. Rh5 f5 52. Rh6 Kf3 53. Rxh4 Rg5 54. Kh2 Kxf2 55. Kh1 Rg4 56. Rh5 f4 57. Rh2+ Ke3 58. Ra2 f3 59. Ra3+ Kf2 60. Ra2+ Kg3 61. Kg1 Re4 62. Ra1 Re2 63. Rb1 Rh2 64. Rb3 Rh3 65. Ra3 Rh8 66. Rb3 Re8 67. Rb1 Re2 68. Ra1 f2+ 69. Kf1 Re3 70. Rb1 Kf3 71. Rb3 Kf4 72. Rb4+ Kg3 73. Rb1 Rf3 74. Ra1 Rc3 75. Rd1 Rd3 76. Rxd3+ Kf4 77. Rd2 1-0


[Site "https://www.chess.com"]

[Event "Titled Tuesday Blitz February 07 Late 2023"]
[White "Timmermans, Mark"]
[Black "Krallis, Christos"]
[WhiteFideId "1026399"]
[BlackFideId "4298896"]
[WhiteElo "2392"]
[BlackElo "2344"]
[Result "1-0"]
[Round "06"]
[TimeControl "180+2"]
[Date "2023.02.07"]
[WhiteClock "0:01:33"]
[BlackClock "0:00:03"]

1. e4 d6 2. d4 Nf6 3. Nc3 g6 4. f4 Bg7 5. Nf3 O-O 6. Bd3 Nc6 7. e5 dxe5 8. dxe5 Nd5 9. Nxd5 Qxd5 10. Qe2 Bg4 11. Be4 Qa5+ 12. Bd2 Qb6 13. O-O-O Nd4 14. Qe3 Nxf3 15. gxf3 Be6 16. Qxb6 axb6 17. a3 f6 18. Bc3 Bh6 19. exf6 Bxf4+ 20. Kb1 exf6 21. h4 c6 22. h5 g5 23. Rhe1 Rae8 24. Bb4 c5 25. Bc3 Bf7 26. Rd7 Rd8 27. Rxb7 Rd6 28. h6 Be5 29. Bxe5 fxe5 30. Rg1 Kh8 31. b3 Rxh6 32. Rxg5 Bg8 33. Rxe5 c4 34. bxc4 Bxc4 35. Ree7 Bg8 36. Kb2 Ra8 37. Ra7 Rxa7 38. Rxa7 Rf6 39. Ra8 Kg7 40. Kc3 h5 41. Ra7+ Kh6 42. Kd4 h4 43. Ke5 Rf7 44. Ra6 Re7+ 45. Kf4 Re6 46. Kg4 Kg7 47. Kxh4 Kf6 48. Ra8 Ke5 49. Rxg8 1-0


[Site "https://www.chess.com"]

[Event "Titled Tuesday Blitz February 07 Late 2023"]
[White "Fernandez Guillen, Ernesto J."]
[Black "Ismagilov, Damir"]
[WhiteFideId "3512428"]
[BlackFideId "34199982"]
[WhiteElo "2477"]
[BlackElo "2156"]
[Result "0-1"]
[Round "06"]
[TimeControl "180+2"]
[Date "2023.02.07"]
[WhiteClock "0:00:11"]
[BlackClock "0:00:24"]

1. e4 c6 2. d4 d5 3. e5 g6 4. c3 Bg7 5. Bd3 c5 6. Ne2 Nc6 7. h4 h5 8. Bg5 Qb6 9. Qb3 c4 10. Qxb6 axb6 11. Bc2 b5 12. Nd2 Bf5 13. Bxf5 gxf5 14. f3 e6 15. Kf2 Nge7 16. a4 bxa4 17. Nb1 Kd7 18. Na3 Na5 19. Nb5 Nb3 20. Ra2 Nc8 21. Nc1 Ra5 22. Na3 Ne7 23. Nxb3 axb3 24. Raa1 Rha8 25. Rag1 Ng6 26. g4 fxg4 27. fxg4 Rh8 28. Kf3 b5 29. gxh5 Rxh5 30. Kg4 Rh7 31. h5 Ne7 32. h6 Bf8 33. Rf1 Nf5 34. Nb1 Bxh6 35. Bxh6 Rxh6 36. Rxh6 Nxh6+ 37. Kg5 Nf5 38. Kf6 Ra2 39. Rf2 Ne3 40. Kxf7 Nd1 41. Rf6 Rxb2 42. Rxe6 Rxb1 43. Rd6+ Kc7 44. Rxd5 Nxc3 45. Rc5+ Kb6 46. e6 Rf1+ 47. Ke8 b2 48. e7 b1=Q 49. Kd8 Re1 50. Re5 Rxe5 51. dxe5 Qg6 52. e8=Q Qxe8+ 53. Kxe8 Kc5 54. e6 Nd5 0-1


[Site "https://www.chess.com"]

[Event "Titled Tuesday Blitz February 07 Late 2023"]
[White "Gurevich, Dmitry"]
[Black "Goltsev, Dmitry"]
[WhiteFideId "2000407"]
[BlackFideId "24176710"]
[WhiteElo "2393"]
[BlackElo "2269"]
[Result "0-1"]
[Round "06"]
[TimeControl "180+2"]
[Date "2023.02.07"]
[WhiteClock "0:00:53"]
[BlackClock "0:02:15"]

1. d4 Nf6 2. c4 e6 3. Nc3 d5 4. Nf3 c6 5. Qb3 Nbd7 6. Bg5 Be7 7. e3 h6 8. Bh4 Qb6 9. c5 Qd8 10. Be2 b6 11. cxb6 axb6 12. O-O O-O 13. Rfd1 Ba6 14. Bxa6 Rxa6 15. Rac1 Qa8 16. Ne5 Re8 17. Nxd7 Nxd7 18. Bxe7 Rxe7 19. a3 e5 20. dxe5 Nxe5 21. e4 dxe4 22. Nxe4 Ra4 23. Nd6 Rg4 24. f3 Rg6 25. Nf5 Re8 26. Kh1 c5 27. Re1 c4 28. Qc3 Nd3 29. Ne7+ Rxe7 30. Rxe7 Qxf3 0-1


[Site "https://www.chess.com"]

[Event "Titled Tuesday Blitz February 07 Late 2023"]
[White "Salimova, Nurgyul"]
[Black "Veiga, Jose Francisco R P Neves"]
[WhiteFideId "2915138"]
[BlackFideId "1930087"]
[WhiteElo "2391"]
[BlackElo "2406"]
[Result "1-0"]
[Round "06"]
[TimeControl "180+2"]
[Date "2023.02.07"]
[WhiteClock "0:00:05"]
[BlackClock "0:00:03"]

1. d4 Nf6 2. Nf3 e6 3. Bg5 d5 4. Nbd2 Be7 5. e3 c5 6. c3 Nc6 7. Bd3 O-O 8. O-O b6 9. Qe2 Bb7 10. Rad1 h6 11. Bh4 Qc7 12. Rfe1 Rfe8 13. dxc5 bxc5 14. e4 Ng4 15. Bg3 Qb6 16. e5 h5 17. h3 Nh6 18. Bf4 Nf5 19. Bxf5 exf5 20. e6 Bf6 21. exf7+ Kxf7 22. Qd3 Ne7 23. Ng5+ Kg8 24. Qf3 Bxg5 25. Bxg5 Ng6 26. Qxh5 d4 27. cxd4 cxd4 28. Nf3 Bxf3 29. Qxf3 Qxb2 30. Qxf5 Qb6 31. Qd5+ Kh7 32. Rxe8 Rxe8 33. Rxd4 Qb1+ 34. Kh2 Re1 35. Rd3 Rh1+ 36. Kg3 Qb8+ 37. f4 Qb1 38. Qf3 Rf1 39. Qh5+ Kg8 40. Qxg6 Qe1+ 41. Kg4 Qe2+ 42. Kh4 Qxd3 43. Qxd3 Re1 44. Qd8+ Kh7 45. Bf6 gxf6 46. Qd3+ Kg7 47. Qd7+ Kg6 48. Qxa7 Re4 49. Qf2 Kf5 50. g4+ Ke6 51. f5+ Ke5 52. Qg3+ Kd5 53. Kh5 Re8 54. Kg6 Rg8+ 55. Kf7 1-0


[Site "https://www.chess.com"]

[Event "Titled Tuesday Blitz February 07 Late 2023"]
[White "Filgueira, Hernan"]
[Black "Cuenca Jimenez, Jose Fernando"]
[WhiteFideId "101770"]
[BlackFideId "2255570"]
[WhiteElo "2283"]
[BlackElo "2535"]
[Result "1/2-1/2"]
[Round "06"]
[TimeControl "180+2"]
[Date "2023.02.07"]
[WhiteClock "0:00:09"]
[BlackClock "0:00:05"]

1. e4 c5 2. Nf3 Nc6 3. Bb5 e6 4. O-O Nge7 5. Re1 Nd4 6. Bf1 Nxf3+ 7. Qxf3 Nc6 8. c3 Be7 9. d3 O-O 10. Nd2 d6 11. a3 Qc7 12. Rb1 b6 13. b4 Bb7 14. Bb2 a6 15. d4 d5 16. exd5 exd5 17. Bd3 g6 18. Nf1 Rad8 19. Ne3 c4 20. Bc2 Qd7 21. Ng4 f5 22. Ne5 Nxe5 23. Rxe5 Bf6 24. Re2 Bc6 25. Rbe1 Rfe8 26. g3 Re4 27. Bc1 Rde8 28. h4 Kg7 29. Bxe4 dxe4 30. Qf4 Qd5 31. Be3 Kg8 32. Qc7 Bd8 33. Qa7 Re7 34. Qb8 Kf7 35. Qf4 Bc7 36. Qh6 Kg8 37. h5 Rg7 38. hxg6 hxg6 39. Qg5 Bd8 40. Qf4 g5 41. Qe5 Qxe5 42. dxe5 f4 43. Bd4 f3 44. Rxe4 Bxe4 45. Rxe4 Rf7 46. g4 Be7 47. Kh2 Rh7+ 48. Kg3 Rh1 49. Re3 Ra1 50. Rxf3 Rxa3 51. e6 a5 52. Rf7 Bd6+ 53. Kf3 axb4 54. Rd7 Bf8 55. e7 Bxe7 56. Rxe7 bxc3 57. Ke4 c2 58. Be3 Rc3 59. Re8+ Kf7 60. Bc1 Rd3 61. Re5 Rd1 62. Bxg5 c1=Q 63. Bxc1 Rxc1 64. Rb5 c3 65. Kd3 Rf1 66. Rxb6 Rxf2 67. Rc6 Rf3+ 68. Kc2 Rg3 69. Rxc3 Rxg4 70. Kb3 Kg6 71. Rc4 Rxc4 72. Kxc4 1/2-1/2


[Site "https://www.chess.com"]

[Event "Titled Tuesday Blitz February 07 Late 2023"]
[White "Prem, Pranav"]
[Black "Dourerassou, Jonathan"]
[WhiteFideId "30901057"]
[BlackFideId "628050"]
[WhiteElo "2061"]
[BlackElo "2414"]
[Result "1/2-1/2"]
[Round "06"]
[TimeControl "180+2"]
[Date "2023.02.07"]
[WhiteClock "0:00:05"]
[BlackClock "0:00:17"]

1. d4 Nf6 2. c4 g6 3. Nc3 d5 4. cxd5 Nxd5 5. e4 Nxc3 6. bxc3 Bg7 7. Bc4 O-O 8. Ne2 c5 9. O-O Nc6 10. Be3 b6 11. Qd2 Bb7 12. Rfd1 Na5 13. Bd3 Rc8 14. Bh6 cxd4 15. Bxg7 Kxg7 16. cxd4 Nc4 17. Qb4 Qd6 18. Qb3 Na5 19. Qb2 Rc7 20. Rac1 Rfc8 21. Rxc7 Rxc7 22. d5+ f6 23. Nd4 Rc8 24. Rc1 Kf7 25. Ne6 Qe5 26. Qd2 g5 27. Rxc8 Bxc8 28. Qd1 Bxe6 29. Qh5+ Kg7 30. dxe6 Qa1+ 31. Bf1 Nc6 32. Qf7+ Kh6 33. g4 Ne5 34. Qxe7 Nf3+ 35. Kg2 Nh4+ 36. Kg1 Nf3+ 37. Kg2 Ne1+ 38. Kg1 Qe5 39. Qf8+ Kg6 40. Qg8+ Kh6 41. Qf8+ Kg6 42. Qg8+ Kh6 43. Qf8+ 1/2-1/2


[Site "https://www.chess.com"]

[Event "Titled Tuesday Blitz February 07 Late 2023"]
[White "Toncheva, Nadya"]
[Black "Leiva, Gianmarco"]
[WhiteFideId "2924056"]
[BlackFideId "3804399"]
[WhiteElo "2295"]
[BlackElo "2392"]
[Result "1/2-1/2"]
[Round "06"]
[TimeControl "180+2"]
[Date "2023.02.07"]
[WhiteClock "0:00:07"]
[BlackClock "0:00:05"]

1. e4 c5 2. Nf3 d6 3. d4 cxd4 4. Nxd4 Nf6 5. Nc3 a6 6. Be3 e5 7. Nf3 Be7 8. Bc4 O-O 9. O-O Be6 10. Bb3 Nc6 11. Ng5 Bxb3 12. axb3 Nb4 13. Nf3 b5 14. Qe2 Qc7 15. Rfd1 Rfd8 16. Bg5 Ne8 17. Bxe7 Qxe7 18. Nd5 Nxd5 19. Rxd5 Nf6 20. Rd2 Qb7 21. Rad1 Nxe4 22. Rd5 Nf6 23. Rxd6 Rxd6 24. Rxd6 e4 25. Nd4 Qe7 26. Nf5 Qe5 27. Qd2 h6 28. Ne3 Qxb2 29. Rd8+ Rxd8 30. Qxd8+ Kh7 31. Qc8 Qa1+ 32. Nf1 g6 33. Qf8 Nh5 34. Qxf7+ Ng7 35. g3 a5 36. Kg2 a4 37. bxa4 bxa4 38. Ne3 Qc3 39. h4 a3 40. h5 gxh5 41. Kh2 a2 42. Qxa2 Qf6 43. Kg1 Qf3 44. Qd5 h4 45. gxh4 Nh5 46. Qd7+ Kg6 47. Qe6+ Kh7 48. Qe7+ Kg6 49. Qe8+ Kh7 50. Qe5 Nf4 51. Qe7+ Kh8 52. Qf8+ Kh7 53. Qf5+ Kg7 54. Qe5+ Kh7 55. Qe7+ Kg8 56. Qe8+ Kg7 57. Qe7+ Kg8 58. Qe8+ Kh7 59. Qf7+ Kh8 60. Qf8+ Kh7 61. Qf7+ Kh8 62. Qf8+ 1/2-1/2


[Site "https://www.chess.com"]

[Event "Titled Tuesday Blitz February 07 Late 2023"]
[White "Schekachikhin, Maksim"]
[Black "Cardoso Cardoso, Jose Gabriel"]
[WhiteFideId "24177830"]
[BlackFideId "4430492"]
[WhiteElo "2371"]
[BlackElo "2492"]
[Result "1-0"]
[Round "06"]
[TimeControl "180+2"]
[Date "2023.02.07"]
[WhiteClock "0:00:05"]
[BlackClock "0:00:01"]

1. b3 a5 2. Nc3 g6 3. Bb2 Bg7 4. Nf3 e5 5. e4 Nc6 6. Bc4 d6 7. O-O Nge7 8. h3 O-O 9. Nd5 a4 10. d4 a3 11. Bc3 exd4 12. Nxd4 Ne5 13. Nxe7+ Qxe7 14. Be2 Nd7 15. Nb5 Nc5 16. Bxg7 Kxg7 17. Qd4+ f6 18. Rfe1 Rd8 19. Bf1 Be6 20. Rad1 Bf7 21. Bc4 Be8 22. Nc3 c6 23. b4 Ne6 24. Qe3 Bf7 25. b5 Nc5 26. Bxf7 Qxf7 27. Rb1 Rac8 28. Qd4 Rc7 29. bxc6 bxc6 30. Qb4 Ra8 31. Red1 Qe7 32. Qd4 Rd8 33. Rb6 Qe6 34. Qb4 Qe5 35. Qxa3 Nxe4 36. Nxe4 Qxe4 37. Rb3 c5 38. Qa5 Rdd7 39. Re3 Qxc2 40. Rxd6 Qb1+ 41. Kh2 Qb8 42. Rxd7+ Rxd7+ 43. g3 c4 44. Qc3 Qb7 45. Re6 Rf7 46. Qxc4 Qf3 47. Qe2 Qa3 48. Re3 Qb4 49. h4 h5 50. Kg2 Rd7 51. Qf3 Qa4 52. a3 Qa5 53. Re6 Rf7 54. Qe3 Qd5+ 55. Kh2 Qa5 56. Re4 Qf5 57. Re7 Kf8 58. Rxf7+ Kxf7 59. Kg2 Qd5+ 60. Qf3 Qa5 61. Qb3+ Ke7 62. a4 Qa8+ 63. Kh2 Qa7 64. Qa3+ Kd7 65. Qd3+ Kc7 66. Qc2+ Kd6 67. Kg2 Qa8+ 68. Kg1 Qa5 69. Qxg6 Qxa4 70. Qxf6+ Kd7 71. Qf5+ Ke7 72. Qxh5 Qd1+ 73. Qxd1 Ke6 74. Qe2+ Kf5 75. Qe3 Kf6 76. Qg5+ Kf7 77. h5 1-0


[Site "https://www.chess.com"]

[Event "Titled Tuesday Blitz February 07 Late 2023"]
[White "Tan, Zhongyi"]
[Black "TheKnightOfBosnia"]
[WhiteFideId "8603642"]
[WhiteElo "2517"]
[BlackElo "2526"]
[Result "1-0"]
[Round "06"]
[TimeControl "180+2"]
[Date "2023.02.07"]
[WhiteClock "0:00:07"]
[BlackClock "0:00:04"]

1. d4 Nf6 2. c4 e6 3. g3 Bb4+ 4. Nd2 O-O 5. Bg2 Nc6 6. Nf3 d5 7. a3 Bxd2+ 8. Bxd2 dxc4 9. e3 b5 10. a4 b4 11. O-O Rb8 12. Qc2 Ba6 13. Rfc1 b3 14. Qd1 Ne4 15. Be1 Qd6 16. Bf1 Qd5 17. Bg2 Qd6 18. Bf1 Qd5 19. Bg2 Rfd8 20. Nd2 f5 21. Nxe4 fxe4 22. Qg4 Qf5 23. Qh4 g5 24. Qxe4 Qxe4 25. Bxe4 Ne7 26. Bg2 Nd5 27. Bf1 c3 28. Bxc3 Bxf1 29. Kxf1 Rb7 30. Ke2 Kf7 31. Bd2 Rd6 32. Rc5 Ra6 33. a5 Ke7 34. e4 Nf6 35. Bxg5 h6 36. Bxf6+ Kxf6 37. Rac1 Rb4 38. Kd3 Ra4 39. Rxc7 R4xa5 40. e5+ Kf5 41. Rf7+ Kg4 42. Rf4+ Kh3 43. Rg1 Kxh2 44. Rb1 Kg2 45. Rf6 Ra2 46. g4 Ra1 47. Rxa1 Rxa1 48. Kc3 Rd1 49. f4 a5 50. Rxe6 Kf3 51. f5 Ke4 52. f6 Rd3+ 53. Kc4 Rxd4+ 54. Kxb3 Rd3+ 55. Kc2 Rf3 56. Re7 Kd5 57. f7 Kc4 58. e6 Rf2+ 59. Kb1 Kb3 60. Rb7+ Ka4 61. e7 Rxf7 62. e8=Q+ 1-0


[Site "https://www.chess.com"]

[Event "Titled Tuesday Blitz February 07 Late 2023"]
[White "Kokoszczynski, Jan"]
[Black "Taspinar, Yanki"]
[WhiteFideId "1174460"]
[BlackFideId "34561188"]
[WhiteElo "2247"]
[BlackElo "2262"]
[Result "0-1"]
[Round "06"]
[TimeControl "180+2"]
[Date "2023.02.07"]
[WhiteClock "0:00:05"]
[BlackClock "0:00:03"]

1. e4 c6 2. d4 d5 3. exd5 cxd5 4. Bd3 Nf6 5. c3 g6 6. Bf4 Bg7 7. Nf3 O-O 8. O-O Nc6 9. Nbd2 Bg4 10. h3 Bxf3 11. Nxf3 e6 12. Qd2 Rc8 13. Bh6 a6 14. Bxg7 Kxg7 15. Rfe1 Qd6 16. Ne5 Rc7 17. Re3 b5 18. a4 Na5 19. Qe2 Nb3 20. Re1 bxa4 21. Bxa6 a3 22. bxa3 Qxa3 23. h4 Ra8 24. Bb5 Rac8 25. c4 Rb8 26. Qd3 dxc4 27. Bxc4 Nd5 28. Bxb3 Nxe3 29. Rxe3 Qa1+ 30. Kh2 Rd8 31. Nf3 Rc1 32. Qe4 Rh1+ 33. Kg3 Qa7 34. Qe5+ Kg8 35. Qf6 Rf8 36. Ne5 Qxd4 37. Ng4 Qxf6 38. Nxf6+ Kg7 39. Ng4 Rb1 40. Bc2 Rc1 41. Bb3 Rfc8 42. Ne5 R8c3 43. Ba4 Rxe3+ 44. fxe3 Rc3 45. Kf3 f6 46. Ng4 e5 47. Bb5 Ra3 48. Bc6 Kf7 49. Nf2 Ke6 50. Be8 f5 51. g4 f4 52. Nd1 Ra1 53. Nc3 Ra3 54. Nd1 Ke7 55. Bc6 h6 56. g5 hxg5 57. hxg5 Kd6 58. Be4 Ra1 59. Nf2 Ra3 60. Ng4 fxe3 61. Nxe3 Ke6 62. Bxg6 Ra4 63. Be4 Kf7 64. Nd5 Kg7 65. Nc3 Rc4 66. Ne2 Ra4 67. Ng3 Rb4 68. Kg4 Kf7 69. Kf5 Rb5 70. Nh5 Ke7 71. g6 Rb1 72. Kg5 Rg1+ 73. Kh6 Rg4 74. Bd5 e4 75. g7 e3 76. g8=Q Rxg8 77. Bxg8 e2 78. Nf4 e1=Q 79. Kg7 Qg3+ 80. Ng6+ Kd7 81. Bf7 Kd6 82. Kf6 Qc3+ 83. Kg5 Qe3+ 84. Kf5 Qf3+ 85. Nf4 Ke7 86. Bd5 Qf2 87. Be4 Kd6 88. Bd5 Kc5 89. Be4 Kd4 0-1


[Site "https://www.chess.com"]

[Event "Titled Tuesday Blitz February 07 Late 2023"]
[White "Seletsky, Grigory"]
[Black "Preotu, Razvan"]
[WhiteFideId "14112191"]
[BlackFideId "2613280"]
[WhiteElo "2259"]
[BlackElo "2475"]
[Result "0-1"]
[Round "06"]
[TimeControl "180+2"]
[Date "2023.02.07"]
[WhiteClock "0:00:42"]
[BlackClock "0:00:04"]

1. d4 Nf6 2. Nf3 g6 3. Bg5 Bg7 4. c3 O-O 5. Nbd2 d6 6. e4 c5 7. dxc5 dxc5 8. Be2 Nc6 9. O-O Qc7 10. Qc2 h6 11. Bh4 Nh5 12. Bg3 Nxg3 13. hxg3 Rb8 14. a4 a6 15. Nc4 b5 16. axb5 axb5 17. Ne3 e6 18. Rfd1 Rd8 19. Rxd8+ Qxd8 20. Rd1 Qc7 21. Ra1 Rb6 22. Ra8 Kh7 23. Ra1 Bb7 24. Kf1 Nb8 25. Nd2 Nd7 26. f4 c4 27. e5 Nc5 28. Bf3 Ra6 29. Rxa6 Bxa6 30. Ne4 Nd3 31. Nf2 b4 32. Be2 Qb6 33. Qd2 bxc3 34. bxc3 Qb1+ 35. Ned1 Bf8 36. Ne4 Be7 37. Nf6+ Kg7 38. Ng4 Bb7 39. f5 Bg5 40. f6+ Kh7 41. Ne3 Qb5 42. Nxc4 Bxd2 43. Bxd3 Qd5 44. Nf2 Qxg2+ 45. Ke2 Bg5 46. Nd6 Bf3+ 47. Ke1 Qg1+ 48. Bf1 Bg2 49. Ke2 Qxf1# 0-1


[Site "https://www.chess.com"]